cohdb
Replays
Latest Replays
All Replays
Popular Replays
Top Player Replays
Match Explorer
How It Works
Community
CoH3 Stats
Reddit
Sign in to upload your games and track your stats! →
Sign in with Steam
Match 40758478
Unlisted
Match 40758478
Overview
Messages
Build Orders
End
Kettenkrad Recon Vehicle
Construct Infanterie Kompanie
Selects Terror Battlegroup
Selects Machine Gun Camouflage
MG 42 Machine Gun Team
Grenadier Squad
Construct Luftwaffe Kompanie
Selects Contempt for the Weak
Jäger Squad
Jäger Squad
Support Elements
GrW 34 Mortar Team
Wirbelwind Flakpanzer
Medical Station
Selects Jericho Trumpet
Jericho Trumpet
Wirbelwind Flakpanzer
Side Skirts
Wirbelwind Flakpanzer
Selects V1 Rocket Strike
MG 42 Machine Gun Team
MG 42 Machine Gun Team
Marder III M Tank Destroyer
Marder III M Tank Destroyer
Pioneer Squad
Selects Defend the Fatherland
Construct Panzer Kompanie
Stoßtruppen Squad
Defend the Fatherland
Stoßtruppen Squad
V1 Rocket Strike
Kettenkrad Recon Vehicle
Jericho Trumpet
Selects King Tiger Heavy Tank
King Tiger Heavy Tank
cheems
仙台葉月@宮城のけち
Miffy
Machoman
カルト_くん
Dumpster Bob
昌江县县委书记
nogadaman
0
0
Comments
sign in to comment!
No comments posted yet!